 Dungeon Crawl Stone Soup version 0.29-a0-1023-g6ae1a4a2c7 (webtiles) character file.

Game seed: 409381035043874421

437 Newt the Cudgeller (level 6, 0/52 HPs)
             Began as a Draconian Artificer on Aug 11, 2022.
             Was an Initiate of Wu Jian.
             Slain by a gnoll
             ... wielding a +1 whip of venom
              (7 damage)
             ... on level 4 of the Dungeon.
             The game lasted 00:06:25 (5039 turns).

Newt the Cudgeller (Draconian Artificer)            Turns: 5039, Time: 00:06:26

Health: 0/52       AC:  8    Str: 16    XL:     6   Next: 69%
Magic:  6/6        EV: 12    Int: 12    God:    Wu Jian [......]
Gold:   183        SH:  0    Dex: 11    Spells: 5/5 levels left

rFire   . . .      SeeInvis .   e - +5 morningstar of Gityedot {drain, rElec Will+ rCorr}
rCold   . . .      Faith    .   (no shield)
rNeg    . . .      Spirit   .   (body armour unavailable)
rPois   .          Reflect  +   (helmet restricted)
rElec   +          Harm     .   (no cloak)
rCorr   +          Rampage  .   (no gloves)
Will    +....                   t - +1 pair of boots
Stlth   +.........              l - amulet of reflection
HPRegen 0.17/turn               (no ring)
MPRegen 0.10/turn               (no ring)

@: confused, lethally poisoned (0 -> -14), ambrosia-drunk
A: AC +6, unfitting armour, cold-blooded
a: Renounce Religion


You were on level 4 of the Dungeon.
You worshipped Wu Jian.
Wu Jian was noncommittal.
You visited 1 branch of the dungeon, and saw 4 of its levels.

You collected 183 gold pieces.

Inventory:

Hand Weapons
 a - a +0 club
 e - the +5 morningstar of Gityedot (weapon) {drain, rElec Will+ rCorr}
   (You acquired it on level 3 of the Dungeon)

   A truly terrible weapon, it drains the life of any living foe it strikes.
   rElec:     It insulates you from electricity.
   rCorr:     It protects you from acid and corrosion.
   Will:      It increases your willpower.
 m - a +1 whip
 o - a +0 battleaxe
Missiles
 p - a throwing net
Armour
 t - a +1 pair of boots (worn)
Jewellery
 l - an amulet of reflection (around neck)
Wands
 b - a wand of flame (36) (quivered)
 c - a wand of charming (15)
 d - a wand of iceblast (7)
Scrolls
 q - a scroll of identify
 r - a scroll of butterflies
 u - a scroll of amnesia {unknown}
 v - a scroll of enchant armour {unknown}
Potions
 f - 2 potions of curing
 g - 2 potions of attraction
 h - a potion of degeneration
 i - a potion of ambrosia
 j - 3 potions of might
 k - a potion of flight {unknown}
 s - 3 potions of heal wounds {unknown}


   Skills:
 + Level 4.0 Fighting
 - Level 2.0(3.9) Axes
 + Level 5.2(5.5) Maces & Flails
 - Level 2.1 Dodging
 - Level 0.8 Stealth
 - Level 3.0 Evocations


You had 5 spell levels left.
You didn't know any spells.
Your spell library contained the following spells:

 Spells                   Type           Power      Damage    Failure   Level
 Ensorcelled Hibernation  Hex/Ice        0%         N/A       45%         2
 Passwall                 Tmut/Erth      0%         N/A       45%         2
 Swiftness                Air            0%         N/A       69%         3


Dungeon Overview and Level Annotations

Branches:
Dungeon (4/15)             Temple (0/1) D:4

Altars:
Cheibriados
Wu Jian


Innate Abilities, Weirdness & Mutations

Your plain brown scales are hard. (AC +6)
You cannot fit into any form of body armour.
You are cold-blooded and may be slowed by cold attacks.


Message History

You are more poisoned.
The gnoll hits you from afar with a +0 spear.
You closely miss the gnoll.
Your tail-slap misses the gnoll.
The gnoll is severely wounded.
You feel very sick. The gnoll barely misses you.
The gnoll hits you from afar with a +0 spear.
The gnoll closely misses you.
Something unseen opens the door.
An orc comes into view. It is wielding a +0 mace.
The gnoll barely misses you.
An orc priest comes into view. It is wielding a +0 war axe.
The gnoll hits you with a +1 whip of venom!
You are lethally poisoned!
The gnoll hits you but does no damage.
You barely miss the gnoll.
The gnoll is severely wounded.
You feel extremely sick.
The orc priest shouts!
The goblin hits you but does no damage. The gnoll hits you with a +0 club.
* * * LOW HITPOINT WARNING * * *
The orc throws a boomerang.
The boomerang hits you but does no damage.
The gnoll completely misses you. You block the gnoll's attack.
As you read the scroll labelled BIAG KUCKYLO, it crumbles to dust.
The creatures around you are filled with an inner flame!
It was a scroll of immolation.
* * * LOW HITPOINT WARNING * * *
You feel very sick. The goblin barely misses you. The gnoll closely misses you.
An orc comes into view. It is wielding a +0 dagger.
The gnoll hits you with a +0 club.
* * * LOW HITPOINT WARNING * * *
The gnoll closely misses you.
You are confused.
You feel invigorated.
* * * LOW HITPOINT WARNING * * *
You feel very sick. The goblin hits you but does no damage.
The gnoll barely misses you.
The gnoll hits you with a +1 whip of venom!
You die...

#.............#. ..
#...........).'. >..
#.......##...##. ....
######..##+####.
....###+##..##..##......
........................
.......................[
......gg................
.....gg@................
#...####o.####..#######.
# ##'# #####...##. ...
#<..... .o. #......
o.... +...... ....
#...... .... #...##.
######.


You could see an orc priest (inner flame), 3 gnolls, 2 orcs and a goblin (inner
flame).

Vanquished Creatures
  A phantom (D:4)
  Blork the orc (D:4)
  A hound (D:2)
  Ijyb (D:4)
  8 adders
  8 gnolls
  A dart slug (D:1)
  An orc (D:3)
  7 bats
  4 endoplasms
  3 giant cockroaches
  10 goblins
  16 hobgoblins
  8 kobolds
  2 quokkas (D:3)
  10 ball pythons
  5 frilled lizards
  6 rats
93 creatures vanquished.

Notes
Turn   | Place    | Note
-------+----------+-------------------------------------------
     0 | D:1      | Newt the Draconian Artificer began the quest for the Orb.
     0 | D:1      | Reached XP level 1. HP: 16/16 MP: 1/1
    36 | D:1      | Reached skill level 1 in Maces & Flails
   395 | D:1      | Reached XP level 2. HP: 23/23 MP: 2/2
   490 | D:1      | Reached skill level 2 in Maces & Flails
   779 | D:1      | Found a faded altar of an unknown god.
  1675 | D:2      | Reached skill level 3 in Maces & Flails
  1675 | D:2      | Reached XP level 3. HP: 2/28 MP: 3/3
  2141 | D:2      | Reached XP level 4. HP: 35/35 MP: 4/4
  2581 | D:2      | Reached skill level 1 in Axes
  3135 | D:3      | Identified a scroll of acquirement
  3135 | D:3      | Acquired the +5 morningstar of Gityedot {drain, rElec Will+
                  | rCorr}
  3177 | D:3      | Reached XP level 5. HP: 34/40 MP: 5/5
  3274 | D:3      | Reached skill level 4 in Maces & Flails
  3316 | D:3      | Found a snail-covered altar of Cheibriados.
  4428 | D:3      | Found an ornate altar of the Wu Jian Council.
  4474 | D:3      | Became a worshipper of the Wu Jian Council
  4774 | D:4      | Noticed Blork the orc
  4781 | D:4      | Killed Blork the orc
  4782 | D:4      | Reached XP level 6. HP: 42/51 MP: 6/6
  4953 | D:4      | Found a staircase to the Ecumenical Temple.
  4991 | D:4      | Reached skill level 5 in Maces & Flails
  5002 | D:4      | Noticed Ijyb
  5009 | D:4      | Killed Ijyb
  5039 | D:4      | Slain by a gnoll

Illustrated notes

Levels and vault maps discovered:
D:1:      dpeg_arrival_morbid_curiosity, layout_loops_ring,
          shapermc_ecumenical_altar_totnotflames
D:2:      layout_loops_ring
D:3:      minmay_thinvault, layout_basic, mainiacjoe_overflow_24_doors,
          mainiacjoe_overflow_six_doors_small
D:4:      layout_gridville, minmay_temple_entry_butterflies, uniq_ijyb,
          uniq_blork_the_orc

Skill      XL: |  1  2  3  4  5  6 |
---------------+-------------------+-----
Maces & Flails | 1 3 4 5 |  5.2
Axes           | 2 |  2.0
Fighting       | 3 4 |  4.0
Dodging        | |  2.1
Stealth        | |  0.8
Evocations     | |  3.0

Action                   |  1- 3 |  4- 6 || total
-------------------------+-------+-------++-------
Melee: Club              |    57 |       ||    57
       Tailslap          |     8 |    11 ||    19
       Whip              |    66 |    15 ||    81
       Punch             |     2 |       ||     2
       Battleaxe         |       |    32 ||    32
       Morningstar       |       |   113 ||   113
Invok: Lunge             |       |     5 ||     5
Evoke: Wand              |     1 |     2 ||     3
  Use: Scroll            |     2 |    10 ||    12
       Potion            |       |     1 ||     1
 Stab: Sleeping          |     4 |     2 ||     6
Armor: Skin              |    30 |    59 ||    89
Dodge: Dodged            |    77 |   116 ||   193
Block: Other             |    20 |    40 ||    60
       Reflection        |       |     2 ||     2

Table legend: (Time is in decaauts)
 A = Elapsed time spent in this place.
 B = Non-inter-level travel time spent in this place.
 C = Inter-level travel time spent in this place.
 D = Time resting spent in this place.
 E = Time spent auto-exploring this place.
 F = Levels seen in this place.
 G = Mean time per level.
                   A        B        C        D        E       F      G
               +--------+--------+--------+--------+--------+-----+--------+
         Total |   5097 |   4986 |    111 |    379 |   3918 |   4 | 1274.2 |
       Dungeon |   5097 |   4986 |    111 |    379 |   3918 |   4 | 1274.2 |
               +--------+--------+--------+--------+--------+-----+--------+

Top non-repeatable levels by time:
     D:3: 1672 daAuts
     D:1: 1565 daAuts
     D:2: 1547 daAuts
     D:4: 313 daAuts
